 Dungeon Crawl Stone Soup version 0.30.0-18-gc0e69614cb (webtiles) character file.

Game seed: 12897239088600693558

1 KittyFluff the Trooper (level 1, -4/21 HPs)
             Began as a Gargoyle Berserker on May 24, 2023.
             Was a Follower of Trog.
             Slain by a kobold
             ... wielding a +0 whip
              (5 damage)
             ... on level 1 of the Dungeon.
             The game lasted 00:00:30 (91 turns).

KittyFluff the Trooper (Gargoyle Berserker)           Turns: 91, Time: 00:00:31

Health: -4/21      AC:  4    Str: 20    XL:     1   Next: 20%
Magic:  1/1        EV: 11    Int:  7    God:    Trog [*.....]
Gold:   0          SH:  0    Dex:  9    Spells: 0/0 levels left

rFire   . . .        a - +0 mace
rCold   . . .        (no shield)
rNeg    + . .        b - +0 animal skin
rPois   ∞            (no helmet)
rElec   +            (no cloak)
rCorr   .            (no gloves)
SInv    .            (no boots)
Will    .....        (no amulet) Stlth
                     (no ring)
HPRegen 0.23/turn    (no ring)
MPRegen 0.07/turn

%: no passive effects
@: berserking, very quick
A: sickness immunity, AC +2, negative energy resistance 1, electricity
resistance, torment resistance 1, petrification resistance
a: Renounce Religion, Berserk


You were on level 1 of the Dungeon.
You worshipped Trog.
Trog was aware of your devotion.
You visited 1 branch of the dungeon, and saw 1 of its levels.

Inventory:

Hand Weapons
 a - a +0 mace (weapon)
 e - a +0 flail of protection
Missiles
 c - 2 poisoned darts (quivered)
Armour
 b - a +0 animal skin (worn)
Potions
 d - a potion of curing {unknown}


   Skills:
 + Level 3.3 Fighting
 + Level 3.0 Maces & Flails
 * Level 2.1 Armour
 + Level 1.5 Dodging


You couldn't memorise any spells.
You didn't know any spells.
Your spell library was empty.

Dungeon Overview and Level Annotations

Branches:
Dungeon (1/15)

Altars:


Innate Abilities, Weirdness & Mutations

You are immune to sickness and miasma.
Your stone body is resilient. (AC +2)
You are immune to poison.
You resist negative energy. (rN+)
You are resistant to electric shocks. (rElec)
You are resistant to unholy torment.
You are immune to petrification.


Message History

Found a runed flail.
The bat hits you but does no damage. The bat closely misses you.
You sock the bat!
You kill the bat!
Trog accepts your kill.
An endoplasm comes into view.
You see here a +0 flail of protection.
e - a +0 flail of protection The endoplasm quivers.
A kobold comes into view. It is wielding a +0 whip.
Found a lumpy blue potion.
The kobold shouts!
A rat comes into view.
A quokka comes into view.
You barely miss the kobold. The kobold closely misses you.
You miss the kobold. The kobold hits you with a +0 whip.
The endoplasm freezes you.
You are frozen.
The quokka bites you but does no damage.
The endoplasm barely misses you. The kobold hits you but does no damage.
You barely miss the quokka. The quokka barely misses you.
The kobold closely misses you. The endoplasm freezes you.
You are frozen.
The quokka closely misses you.
You closely miss the quokka.
The quokka bites you but does no damage.
The kobold barely misses you. The endoplasm barely misses you.
You closely miss the quokka. The quokka bites you.
The kobold hits you with a +0 whip. The endoplasm misses you.
The quokka bites you.
* * * LOW HITPOINT WARNING * * *
A red film seems to cover your vision as you go berserk!
You feel yourself moving faster!
You feel mighty! The kobold hits you with a +0 whip.
* * * LOW HITPOINT WARNING * * *
The endoplasm freezes you.
You are frozen.
* * * LOW HITPOINT WARNING * * *
The quokka barely misses you.
You miss the quokka. The kobold hits you with a +0 whip.
You die...

.......## #..##
........#####†..#..
..............#.#.
#######..###..#...
# ##.# #..##.. #
#...#...#.# #
###.#.#.#.# #
#......#r# #
#...#..#@# ##
#...#..JK# .#
.....#.#.r# .##
......#.!..# ..#
###.. .##.... ..#
.. ##..#. ...# ...
#... .. ...# ...#
...## . ... ####
...


You could see an endoplasm, a quokka, a kobold and a rat.

Vanquished Creatures
  A bat (D:1)
  A kobold (D:1)
2 creatures vanquished.

Notes
Turn   | Place    | Note
-------+----------+-------------------------------------------
     0 | D:1      | KittyFluff the Gargoyle Berserker began the quest for the
                  | Orb.
     0 | D:1      | Reached XP level 1. HP: 14/14 MP: 1/1
    90 | D:1      | HP: 1/21 [frozen (3)]
    91 | D:1      | Slain by a kobold

Illustrated notes

Levels and vault maps discovered:
D:1:      tekkud_arrival_beachfront_property, layout_rooms

Action                     || total
---------------------------++-------
  Melee: Mace              ||     8
 Invoke: Berserk           ||     1
 Armour: Animal skin       ||     4
  Dodge: Dodged            ||    11
